 Dungeon Crawl Stone Soup version 0.25.1-2-g60ff931df9 (webtiles) character file.

Game seed: 5143134348056685208

87 solopath the Sneak (level 4, -2/30 HPs)
             Began as a Barachi Enchanter on Nov 1, 2020.
             Slain by a hobgoblin
             ... wielding a +0 mace
              (8 damage)
             ... on level 3 of the Dungeon.
             The game lasted 00:04:41 (2235 turns).

solopath the Sneak (Barachi Enchanter)              Turns: 2235, Time: 00:04:42

Health: -2/30      AC:  2    Str: 10    XL:     4   Next: 51%
Magic:  6/8        EV: 12    Int: 16    God:
Gold:   46         SH:  0    Dex: 12    Spells: 5/8 levels left

rFire    . . .     SeeInvis .   i - +3 dagger
rCold    . . .     Gourm    .   (no shield)
rNeg     . . .     Faith    .   b - +0 robe
rPois    .         Spirit   .   (no helmet)
rElec    .         Reflect  .   (no cloak)
rCorr    .         Harm     .   (no gloves)
MR       .....                  (no boots)
Stlth    ++........             (no amulet)
HPRegen  0.10/turn              (no ring)
MPRegen  0.11/turn              (no ring)

@: slow
A: +LOS, swims, slowness 1, strong legs 1
a: Hop


You were on level 3 of the Dungeon.
You were not hungry.

You visited 1 branch of the dungeon, and saw 3 of its levels.

You collected 46 gold pieces.

Inventory:

Hand Weapons
 i - a +3 dagger (weapon)
Armour
 b - a +0 robe (worn)
Scrolls
 a - a scroll of fog {unknown}
 e - a scroll of teleportation {unknown}
 h - 3 scrolls of remove curse {unknown}
 j - a scroll of random uselessness {unknown}
 l - a scroll of identify {unknown}
 n - 2 scrolls of enchant weapon {unknown}
 o - a scroll of immolation {unknown}
Potions
 c - a potion of haste
 g - 2 potions of heal wounds {unknown}
 k - a potion of lignification {unknown}
 m - a potion of curing {unknown}
Comestibles
 d - 8 rations
 f - 6 chunks of flesh


   Skills:
 + Level 2.2 Short Blades
 - Level 2.1 Dodging
 * Level 3.7 Stealth
 + Level 2.8 Spellcasting
 + Level 3.5 Hexes
 - Level 1.2 Ice Magic


You had 5 spell levels left.
You knew the following spells:

 Your Spells              Type           Power        Failure   Level  Hunger
a - Corona                Hex            ##.....      4%          1    #......
b - Ensorcelled Hibernat  Hex/Ice        #.....       11%         2    ##.....

Your spell library contained the following spells:

 Spells                   Type           Power        Failure   Level  Hunger
 Confusing Touch          Hex            ##......     13%         3    ###....
 Tukima's Dance           Hex            ##......     13%         3    ###....
 Dazzling Flash           Conj/Hex       #.....       26%         3    ###....


Dungeon Overview and Level Annotations

Branches:
Dungeon (3/15)

Altars:
Ashenzari
Sif Muna

Annotations:
D:2 2 transporters


Innate Abilities, Weirdness & Mutations

You can be seen from farther away. (+LOS)
You can swim through water.
You cover ground slowly.
You can hop short distances.


Message History

You are too injured to fight recklessly!
You are too injured to fight recklessly!
You are too injured to fight recklessly!
The hobgoblin hits you but does no damage.
The hobgoblin barely misses you.
You see here a robe.
You hit the hobgoblin.
The hobgoblin is almost dead.
The hobgoblin hits you but does no damage.
You hit the hobgoblin.
You kill the hobgoblin!
The hobgoblin hits you with a +0 mace!
* * * LOW HITPOINT WARNING * * *
You hit the hobgoblin.
The hobgoblin is heavily wounded.
The hobgoblin misses you.
You hit the hobgoblin but do no damage.
The hobgoblin is heavily wounded.
The hobgoblin hits you with a +0 mace!
You die...

..........#..#...##
..........#.......g
#.....$....#........
#..........#........
#...................
............#.......
...............S...
........)g<#.##
........@.(...####
..####..รท.........
#)...#...#####
#)...#...#
##########


You could see a hobgoblin.

Vanquished Creatures
  An iguana (D:2)
  An adder (D:3)
  An ooze (D:1)
  A worm (D:2)
  3 leopard geckos (D:1)
  A giant cockroach (D:1)
  8 hobgoblins
  5 bats
  6 frilled lizards
  9 goblins
  5 kobolds
  4 rats
45 creatures vanquished.

Notes
Turn   | Place    | Note
-------+----------+-------------------------------------------
     0 | D:1      | solopath the Barachi Enchanter began the quest for the Orb.
     0 | D:1      | Reached XP level 1. HP: 13/13 MP: 3/3
   417 | D:1      | Reached XP level 2. HP: 15/19 MP: 3/5
   452 | D:1      | Learned a level 2 spell: Ensorcelled Hibernation
  1176 | D:1      | Reached XP level 3. HP: 24/24 MP: 6/6
  1428 | D:2      | Reached skill level 1 in Ice Magic
  1428 | D:2      | Reached XP level 4. HP: 30/30 MP: 6/8
  1477 | D:2      | Found a shimmering blue altar of Sif Muna.
  1531 | D:2      | Found a transporter.
  1663 | D:2      | Found a transporter.
  1686 | D:2      | Noticed a sky beast
  1687 | D:2      | Found a shattered altar of Ashenzari.
  2235 | D:3      | Slain by a hobgoblin

Illustrated notes

Levels and vault maps discovered:
D:1:      lemuel_arrival_tunnels, layout_basic
D:2:      layout_basic, lemuel_blue_sif_altar, gammafunk_temple_overflow_arena
D:3:      layout_rooms, tgw_fedhas

Skill      XL: |  1  2  3 |
---------------+----------+-----
Stealth        | 3 |  3.7
Short Blades   | 2 |  2.2
Ice Magic      | 1 |  1.2
Dodging        | |  2.1
Spellcasting   | |  2.8
Hexes          | |  3.5

Action                   |  1- 3 |  4- 6 || total
-------------------------+-------+-------++-------
Melee: Dagger            |    82 |    60 ||   142
 Cast: Corona            |     7 |     2 ||     9
       Ensorcelled Hiber |     7 |     8 ||    15
 Abil: Hop               |     3 |     1 ||     4
  Use: Potion            |     1 |       ||     1
 Stab: Sleeping          |     9 |     4 ||    13
  Eat: Chunk             |     2 |     4 ||     6
Armor: Robe              |    11 |     8 ||    19
Dodge: Dodged            |    40 |    44 ||    84
